Sharks vs Predateurs

Created - 9 janvier 2022 at 16:14

Goals
1 2 3 T
Sharks 1 0 1 2
Predateurs 1 2 1 4
Shots
1 2 3 T
Sharks 9 13 4 26
Predateurs 17 8 4 29

GoalsPenalties
1st period
1. Predateurs , Esa Lindell 6 (Alexander Wennberg 13, Teuvo Teravainen 26) at 17:02
2. Sharks , Ryan Strome 14 (J.T. Compher 15, Vladislav Gavrikov 7) at 18:13
Joel Edmundson (SAN) for Hooking (Minor) at 10:25
Erik Johnson (SAN) for Slashing (Minor) at 14:00
2nd period
3. Predateurs , Nathan Beaulieu 6 (Frederick Gaudreau 7, Nick Cousins 1) at 3:08
4. Predateurs , Teuvo Teravainen 11 (Brady Skjei 12, Alexander Wennberg 14) at 5:30
No Penalty
3rd period
5. Sharks , Chandler Stephenson 11 (Ryan Strome 18, Alex Pietrangelo 26) at 15:09
6. Predateurs , Josh Archibald 3 (Alexander Wennberg 15, Esa Lindell 8) at 19:51 (Empty Net)
Cal Clutterbuck (SAN) for Hooking (Minor) at 6:40
Goalie Stats
Mike Smith (SAN), 25 saves from 28 shots - (0,893), L, 21-12-1, 59:41 minutes
Pekka Rinne (NAS), 24 saves from 26 shots - (0,923), W, 14-10-1, 60:00 minutes
3 StarsOfficial
1 - Esa Lindell (NAS)
2 - Alexander Wennberg (NAS)
3 - Josh Archibald (NAS)
Referees : Trevor Hanson and Wes McCauley
Linesman : Steve Miller and Brian Mach
Game Note
Josh Archibald has scored in a empty net!



Team Name Goals Shots Shots Attemp Shots Blocked PIM HIT PP PK FO%
Sharks 2264586220 / 0 (0,00%051%
Predateurs 4295680240 / 3 (0%)049%

Sharks
Player Name POS G A P +/- PIM HIT SHT SB MP PP MP PP SHT PK MP PK SHT FO% FOT
Alex PietrangeloD011-1041023:200:0003:0700% 0
Blake ColemanC/LW/RW000-1004116:100:0003:1400% 1
Cal ClutterbuckRW000021105:110:0000:0000% 2
Chandler StephensonC/LW1012035017:120:0000:00050% 16
Erik JohnsonD0000222219:050:0001:3200% 0
J.T. CompherC/LW/RW0112010019:470:0002:35040% 5
Jack EichelC000-3001018:430:0000:00063% 16
Joel EdmundsonD000-1220218:010:0001:4600% 0
Luke GlendeningC/RW000-1015120:310:0002:34150% 14
Marcus FolignoLW/RW000-1032013:440:0000:4800% 0
Nate SchmidtD000-1010023:130:0003:0000% 0
Nic DowdC/RW000000007:550:0002:43053% 15
Philippe MyersD000-1000016:160:0000:0000% 0
Ryan StromeC/RW1122001017:230:0000:0000% 0
Tyler PitlickC/LW/RW000000000:000:0000:0000% 0
Vladimir TarasenkoRW000-3023018:430:0000:00040% 5
Vladislav GavrikovD0110020220:030:0002:2900% 0
William NylanderC/LW/RW000-3001018:430:0000:000100% 1
Predateurs
Player Name POS G A P +/- PIM HIT SHT SB MP PP MP PP SHT PK MP PK SHT FO% FOT
Alexander WennbergC/LW/RW0332012019:152:4400:00063% 16
Brady SkjeiD0111044123:143:1430:0000% 0
Esa LindellD1121032122:002:0010:0000% 0
Filip ForsbergLW/RW000-1032020:143:1300:0000% 0
Frederick GaudreauC/RW011100208:500:0000:00050% 12
Josh ArchibaldLW/RW1011052012:100:0000:0000% 0
Justin SchultzD0000010021:093:3100:0000% 0
Marc-Edouard VlasicD0000000417:470:0000:0000% 0
Mirco MuellerD0001020116:590:3400:0000% 0
Nathan BeaulieuD1011022118:512:3500:0000% 0
Nick CousinsC/LW/RW011100108:500:0000:0000% 0
Nicklas BackstromC000-1013019:452:4400:00059% 22
Noel AcciariC/LW0001010012:100:0000:00033% 12
Ryan DzingelC/LW/RW0000000011:410:0000:0000% 0
Sebastian AhoC/LW/RW000-1005020:143:1320:00030% 10
Stefan NoesenRW000100108:500:0000:0000% 0
Teuvo TeravainenLW/RW1121012019:153:1310:00050% 2
Zach PariseLW/RW0001001018:462:4410:0000% 1

Sharks

5 vs 5 Forward
Line #Left WingCenterRight WingPHYDFOFWanted %Time %Time Play
1William NylanderJack EichelVladimir Tarasenko1223434%18:14
2J.T. CompherChandler StephensonRyan Strome1223032%17:12
3Blake ColemanLuke GlendeningMarcus Foligno1222424%12:56
4Cal ClutterbuckNic DowdLuke Glendening1311210%5:12
5 vs 5 Defense
Line #DefenseDefensePHYDFOFWanted %Time %Time Play
1Nate SchmidtAlex Pietrangelo1223428%14:45
2Erik JohnsonVladislav Gavrikov1223033%17:34
3Joel EdmundsonPhilippe Myers1312230%16:16
4Nate SchmidtAlex Pietrangelo122149%4:59
Power Play Forward
Line #Left WingCenterRight WingPHYDFOFWanted %Time %Time Play
1William NylanderJack EichelVladimir Tarasenko113600%0:00
2Blake ColemanChandler StephensonJ.T. Compher113400%0:00
Power Play Defense
Line #DefenseDefensePHYDFOFWanted %Time %Time Play
1Nate SchmidtAlex Pietrangelo113600%0:00
2Vladislav GavrikovErik Johnson113400%0:00
Penalty Kill 4 Players Forward
Line #CenterWingPHYDFOFWanted %Time %Time Play
1J.T. CompherBlake Coleman1315054%3:14
2Nic DowdLuke Glendening1315046%2:43
Penalty Kill 4 Players Defense
Line #DefenseDefensePHYDFOFWanted %Time %Time Play
1Erik JohnsonAlex Pietrangelo1315050%2:57
2Joel EdmundsonNate Schmidt1315050%3:00
Penalty Kill 3 Players
Line #WingPHYDFOFWanted %Time %Time PlayDefenseDefensePHYDFOFWanted %Time %Time Play
1J.T. Compher050500%0:00 Erik JohnsonAlex Pietrangelo050500%0:00
2Nic Dowd050500%0:00 Joel EdmundsonNate Schmidt050500%0:00
4 vs 4 Forward
Line #CenterWingPHYDFOFWanted %Time %Time Play
1Jack EichelWilliam Nylander122500%0:00
2Chandler StephensonVladimir Tarasenko122500%0:00
4 vs 4 Defense
Line #DefensePHYDFOFWanted %Time %Time Play
1Alex PietrangeloErik Johnson122500%0:00
2Nate SchmidtVladislav Gavrikov122500%0:00
Last Minutes Offensive
Left WingCenterRight WingDefenseDefense
William NylanderJack EichelVladimir TarasenkoNate SchmidtAlex Pietrangelo
Last Minutes Defensive
Left WingCenterRight WingDefenseDefense
J.T. CompherLuke GlendeningNic DowdErik JohnsonAlex Pietrangelo
Time
Total ForwardTotal DefenseLast Minutes OffensiveLast Minutes Defensive
60:00 60:00 0:290:00
Extra Forwards
Normal PowerPlayPenalty Kill
Blake Coleman, Cal Clutterbuck, J.T. CompherJ.T. Compher, Blake ColemanMarcus Foligno
Extra Defensemen
Normal PowerPlayPenalty Kill
Erik Johnson, Vladislav Gavrikov, Nate SchmidtErik Johnson, Vladislav GavrikovNate Schmidt
Penalty Shots
Jack Eichel, William Nylander, Vladimir Tarasenko, J.T. Compher, Cal Clutterbuck
Goalie
Mike Smith, Carter Hart
Custom OT Lines Forwards
Jack Eichel, William Nylander, Vladimir Tarasenko, Ryan Strome, J.T. Compher, Chandler Stephenson, Marcus Foligno, Cal Clutterbuck, Blake Coleman, Nic Dowd
Custom OT Lines Defensemen
Alex Pietrangelo, Joel Edmundson, Nate Schmidt, Vladislav Gavrikov, Erik Johnson
Scratches
Zane McIntyre (Healthy)

Predateurs

5 vs 5 Forward
Line #Left WingCenterRight WingPHYDFOFWanted %Time %Time Play
1Sebastian AhoNicklas BackstromFilip Forsberg0233232%17:01
2Zach PariseAlexander WennbergTeuvo Teravainen0233230%16:02
3Josh ArchibaldNoel AcciariRyan Dzingel1222022%11:41
4Nick CousinsFrederick GaudreauStefan Noesen1311616%8:50
5 vs 5 Defense
Line #DefenseDefensePHYDFOFWanted %Time %Time Play
1Brady SkjeiEsa Lindell0323636%19:31
2Justin SchultzMarc-Edouard Vlasic0323433%17:47
3Mirco MuellerNathan Beaulieu0323030%16:16
4Brady SkjeiEsa Lindell12200%0:00
Power Play Forward
Line #Left WingCenterRight WingPHYDFOFWanted %Time %Time Play
1Filip ForsbergSebastian AhoTeuvo Teravainen0056054%3:13
2Alexander WennbergNicklas BackstromZach Parise0054046%2:44
Power Play Defense
Line #DefenseDefensePHYDFOFWanted %Time %Time Play
1Justin SchultzBrady Skjei0056057%3:22
2Esa LindellNathan Beaulieu0054043%2:35
Penalty Kill 4 Players Forward
Line #CenterWingPHYDFOFWanted %Time %Time Play
1Noel AcciariSebastian Aho050500%0:00
2Alexander WennbergJosh Archibald050500%0:00
Penalty Kill 4 Players Defense
Line #DefenseDefensePHYDFOFWanted %Time %Time Play
1Brady SkjeiEsa Lindell050500%0:00
2Mirco MuellerMarc-Edouard Vlasic050500%0:00
Penalty Kill 3 Players
Line #WingPHYDFOFWanted %Time %Time PlayDefenseDefensePHYDFOFWanted %Time %Time Play
1Noel Acciari050500%0:00 Brady SkjeiEsa Lindell050500%0:00
2Alexander Wennberg050500%0:00 Mirco MuellerMarc-Edouard Vlasic050500%0:00
4 vs 4 Forward
Line #CenterWingPHYDFOFWanted %Time %Time Play
1Sebastian AhoTeuvo Teravainen023500%0:00
2Nicklas BackstromFilip Forsberg023500%0:00
4 vs 4 Defense
Line #DefensePHYDFOFWanted %Time %Time Play
1Brady SkjeiEsa Lindell032500%0:00
2Justin SchultzMarc-Edouard Vlasic131500%0:00
Last Minutes Offensive
Left WingCenterRight WingDefenseDefense
Filip ForsbergSebastian AhoTeuvo TeravainenBrady SkjeiJustin Schultz
Last Minutes Defensive
Left WingCenterRight WingDefenseDefense
Josh ArchibaldNoel AcciariAlexander WennbergBrady SkjeiEsa Lindell
Time
Total ForwardTotal DefenseLast Minutes OffensiveLast Minutes Defensive
60:00 60:00 0:000:29
Extra Forwards
Normal PowerPlayPenalty Kill
Noel Acciari, Nicklas Backstrom, Alexander WennbergNoel Acciari, Ryan DzingelAlexander Wennberg
Extra Defensemen
Normal PowerPlayPenalty Kill
Justin Schultz, Nathan Beaulieu, Brady SkjeiJustin Schultz, Nathan BeaulieuEsa Lindell
Penalty Shots
Sebastian Aho, Filip Forsberg, Teuvo Teravainen, Nicklas Backstrom, Zach Parise
Goalie
Pekka Rinne, Antti Raanta
Custom OT Lines Forwards
Sebastian Aho, Filip Forsberg, Teuvo Teravainen, Nicklas Backstrom, Frederick Gaudreau, Noel Acciari, Josh Archibald, Zach Parise, Alexander Wennberg, Ryan Dzingel
Custom OT Lines Defensemen
Brady Skjei, Esa Lindell, Marc-Edouard Vlasic, Justin Schultz, Nathan Beaulieu
Scratches
Nikita Kucherov (Upper Body Injury), Michael Hutchinson (Healthy)


Play-by-Play

1st period


0:01 of 1st period - Nicklas Backstrom wins face-off versus Vladimir Tarasenko in neutral zone.
1:49 of 1st period - Shot by J.T. Compher.
1:49 of 1st period - Shot Misses the Net.
1:51 of 1st period - Shot by Chandler Stephenson.
1:51 of 1st period - Shot Blocked by Marc-Edouard Vlasic.
2:30 of 1st period - Blake Coleman is hit by Mirco Mueller and loses puck.
2:55 of 1st period - Icing by Mirco Mueller.
2:56 of 1st period - Nic Dowd wins face-off versus Noel Acciari in Predateurs zone.
3:39 of 1st period - Josh Archibald is hit by Chandler Stephenson and loses puck.
4:21 of 1st period - Icing by Nathan Beaulieu.
4:22 of 1st period - Jack Eichel wins face-off versus Noel Acciari in Predateurs zone.
4:27 of 1st period - Shot by Jack Eichel.
4:27 of 1st period - Stopped by Pekka Rinne without a rebound.
4:28 of 1st period - Frederick Gaudreau wins face-off versus Vladimir Tarasenko in Predateurs zone.
4:33 of 1st period - Shot by Vladimir Tarasenko.
4:33 of 1st period - Stopped by Pekka Rinne without a rebound.
4:34 of 1st period - Jack Eichel wins face-off versus Frederick Gaudreau in Predateurs zone.
4:34 of 1st period - Jack Eichel is hit by Brady Skjei.
4:48 of 1st period - Shot by Jack Eichel.
4:48 of 1st period - Deflect By Vladimir Tarasenko.
4:48 of 1st period - Shot Blocked by Esa Lindell.
5:06 of 1st period - Shot by Frederick Gaudreau.
5:06 of 1st period - Shot Misses the Net.
5:08 of 1st period - Shot by Esa Lindell.
5:08 of 1st period - Shot Misses the Net.
5:14 of 1st period - Shot by Stefan Noesen.
5:14 of 1st period - Stopped by Mike Smith without a rebound.
5:15 of 1st period - Nicklas Backstrom wins face-off versus Luke Glendening in Sharks zone.
5:35 of 1st period - Off-side.
5:36 of 1st period - Alexander Wennberg wins face-off versus Chandler Stephenson in neutral zone.
6:41 of 1st period - Shot by Blake Coleman.
6:41 of 1st period - Stopped by Pekka Rinne without a rebound.
6:42 of 1st period - Jack Eichel wins face-off versus Frederick Gaudreau in Predateurs zone.
6:45 of 1st period - Shot by William Nylander.
6:45 of 1st period - Shot Blocked by Mirco Mueller.
7:04 of 1st period - Icing by Joel Edmundson.
7:05 of 1st period - William Nylander wins face-off versus Nicklas Backstrom in Sharks zone.
7:18 of 1st period - Shot by Jack Eichel.
7:18 of 1st period - Shot Blocked by Marc-Edouard Vlasic.
7:26 of 1st period - Shot by William Nylander.
7:26 of 1st period - Shot Misses the Net.
8:01 of 1st period - Off-side.
8:02 of 1st period - Luke Glendening wins face-off versus Alexander Wennberg in neutral zone.
9:04 of 1st period - Nathan Beaulieu is hit by Luke Glendening and loses puck.
9:19 of 1st period - Shot by J.T. Compher.
9:19 of 1st period - Shot Blocked by Nathan Beaulieu.
9:54 of 1st period - Stefan Noesen is hit by J.T. Compher.
10:25 of 1st period - Shot by Sebastian Aho.
10:25 of 1st period - Stopped by Mike Smith without a rebound.
10:25 of 1st period - Minor Penalty to Joel Edmundson for Hooking.
10:26 of 1st period - Nicklas Backstrom wins face-off versus Nic Dowd in Sharks zone.
10:27 of 1st period - Shot by Brady Skjei.
10:27 of 1st period - Deflect By Zach Parise.
10:27 of 1st period - Shot Blocked by Luke Glendening.
10:29 of 1st period - Shot by Brady Skjei.
10:29 of 1st period - Stopped by Mike Smith without a rebound.
10:30 of 1st period - Sebastian Aho wins face-off versus Nic Dowd in Sharks zone.
10:49 of 1st period - Shot by Teuvo Teravainen.
10:49 of 1st period - Stopped by Mike Smith without a rebound.
10:50 of 1st period - Nicklas Backstrom wins face-off versus J.T. Compher in Sharks zone.
11:04 of 1st period - Shot by Nathan Beaulieu.
11:04 of 1st period - Shot Misses the Net.
11:22 of 1st period - Shot by Zach Parise.
11:22 of 1st period - Stopped by Mike Smith without a rebound.
11:23 of 1st period - Nic Dowd wins face-off versus Sebastian Aho in Sharks zone.
11:23 of 1st period - Nic Dowd is hit by Filip Forsberg.
11:43 of 1st period - Shot by Brady Skjei.
11:43 of 1st period - Stopped by Mike Smith without a rebound.
11:44 of 1st period - Nicklas Backstrom wins face-off versus Nic Dowd in Sharks zone.
12:31 of 1st period - Shot by Nathan Beaulieu.
12:31 of 1st period - Shot Misses the Net.
12:37 of 1st period - Shot by Nick Cousins.
12:37 of 1st period - Stopped by Mike Smith without a rebound.
12:38 of 1st period - Noel Acciari wins face-off versus Cal Clutterbuck in Sharks zone.
12:38 of 1st period - Noel Acciari is hit by Joel Edmundson.
13:17 of 1st period - Icing by Josh Archibald.
13:18 of 1st period - Noel Acciari wins face-off versus Vladimir Tarasenko in Predateurs zone.
13:55 of 1st period - Nicklas Backstrom is hit by Alex Pietrangelo and loses puck.
13:58 of 1st period - Shot by Brady Skjei.
13:58 of 1st period - Stopped by Mike Smith without a rebound.
13:59 of 1st period - Teuvo Teravainen wins face-off versus Chandler Stephenson in Sharks zone.
13:59 of 1st period - Teuvo Teravainen is hit by Erik Johnson.
14:00 of 1st period - Minor Penalty to Erik Johnson for Slashing.
14:01 of 1st period - Nic Dowd wins face-off versus Sebastian Aho in Sharks zone.
14:16 of 1st period - Icing by Justin Schultz.
14:17 of 1st period - Sebastian Aho wins face-off versus Nic Dowd in Predateurs zone.
14:19 of 1st period - Icing by Filip Forsberg.
14:20 of 1st period - Luke Glendening wins face-off versus Sebastian Aho in Predateurs zone.
14:28 of 1st period - Shot by Luke Glendening.
14:28 of 1st period - Stopped by Pekka Rinne without a rebound.
14:29 of 1st period - Sebastian Aho wins face-off versus J.T. Compher in Predateurs zone.
14:45 of 1st period - Filip Forsberg is hit by Joel Edmundson and loses puck.
14:56 of 1st period - Shot by Sebastian Aho.
14:56 of 1st period - Stopped by Mike Smith without a rebound.
14:57 of 1st period - Nic Dowd wins face-off versus Nicklas Backstrom in Sharks zone.
14:57 of 1st period - Luke Glendening is hit by Alexander Wennberg and loses puck.
15:22 of 1st period - Alexander Wennberg is hit by Vladislav Gavrikov and loses puck.
15:32 of 1st period - Icing by Nathan Beaulieu.
15:33 of 1st period - Nicklas Backstrom wins face-off versus J.T. Compher in Predateurs zone.
15:40 of 1st period - Shot by Esa Lindell.
15:40 of 1st period - Stopped by Mike Smith without a rebound.
15:41 of 1st period - J.T. Compher wins face-off versus Sebastian Aho in Sharks zone.
15:56 of 1st period - Shot by Brady Skjei.
15:56 of 1st period - Stopped by Mike Smith with a rebound.
15:58 of 1st period - Shot by Sebastian Aho.
15:58 of 1st period - Stopped by Mike Smith without a rebound.
15:59 of 1st period - Nic Dowd wins face-off versus Sebastian Aho in Sharks zone.
16:38 of 1st period - Shot by Josh Archibald.
16:38 of 1st period - Stopped by Mike Smith with a rebound.
16:40 of 1st period - Shot by Marc-Edouard Vlasic.
16:40 of 1st period - Shot Misses the Net.
17:00 of 1st period - Shot by Alexander Wennberg.
17:00 of 1st period - Shot Misses the Net.
17:02 of 1st period - Shot by Esa Lindell.
17:02 of 1st period - Goal by Esa Lindell - Sharks : 0 - Predateurs : 1.
17:03 of 1st period - Chandler Stephenson wins face-off versus Nicklas Backstrom in neutral zone.
17:03 of 1st period - Ryan Strome is hit by Nicklas Backstrom and loses puck.
17:10 of 1st period - Icing by Nathan Beaulieu.
17:11 of 1st period - Luke Glendening wins face-off versus Nicklas Backstrom in Predateurs zone.
17:11 of 1st period - Luke Glendening is hit by Nathan Beaulieu.
17:22 of 1st period - Sebastian Aho is hit by Marcus Foligno and loses puck.
17:33 of 1st period - Shot by Nicklas Backstrom.
17:33 of 1st period - Stopped by Mike Smith with a rebound.
17:35 of 1st period - Shot by Nathan Beaulieu.
17:35 of 1st period - Stopped by Mike Smith with a rebound.
17:37 of 1st period - Shot by Sebastian Aho.
17:37 of 1st period - Shot Blocked by Blake Coleman.
17:39 of 1st period - Shot by Sebastian Aho.
17:39 of 1st period - Stopped by Mike Smith without a rebound.
17:40 of 1st period - Chandler Stephenson wins face-off versus Alexander Wennberg in Sharks zone.
17:40 of 1st period - Chandler Stephenson is hit by Teuvo Teravainen.
18:09 of 1st period - Shot by J.T. Compher.
18:09 of 1st period - Shot Blocked by Brady Skjei.
18:13 of 1st period - Shot by Ryan Strome.
18:13 of 1st period - Goal by Ryan Strome - Sharks : 1 - Predateurs : 1.
18:14 of 1st period - Nicklas Backstrom wins face-off versus Luke Glendening in neutral zone.
18:31 of 1st period - Shot by Marcus Foligno.
18:31 of 1st period - Stopped by Pekka Rinne without a rebound.
18:32 of 1st period - Jack Eichel wins face-off versus Frederick Gaudreau in Predateurs zone.
18:39 of 1st period - Shot by William Nylander.
18:39 of 1st period - Stopped by Pekka Rinne without a rebound.
18:40 of 1st period - Alexander Wennberg wins face-off versus Chandler Stephenson in Predateurs zone.
19:49 of 1st period - Shot by Blake Coleman.
19:49 of 1st period - Stopped by Pekka Rinne with a rebound.
19:51 of 1st period - Shot by Luke Glendening.
19:51 of 1st period - Stopped by Pekka Rinne without a rebound.
19:52 of 1st period - Frederick Gaudreau wins face-off versus Jack Eichel in Predateurs zone.
Goals for this period are 1 for Sharks vs 1 for Predateurs.
Shots for this period are 9 for Sharks vs 17 for Predateurs.

2nd period


0:01 of 2nd period - Luke Glendening wins face-off versus Teuvo Teravainen in neutral zone.
0:06 of 2nd period - Shot by Marcus Foligno.
0:06 of 2nd period - Stopped by Pekka Rinne without a rebound.
0:07 of 2nd period - Alexander Wennberg wins face-off versus Nic Dowd in Predateurs zone.
0:45 of 2nd period - Shot by Luke Glendening.
0:45 of 2nd period - Shot Misses the Net.
1:34 of 2nd period - Icing by Justin Schultz.
1:35 of 2nd period - Chandler Stephenson wins face-off versus Alexander Wennberg in Predateurs zone.
2:39 of 2nd period - Shot by Nicklas Backstrom.
2:39 of 2nd period - Shot Blocked by Vladislav Gavrikov.
2:53 of 2nd period - Frederick Gaudreau is hit by Vladislav Gavrikov and loses puck.
2:56 of 2nd period - Shot by Frederick Gaudreau.
2:56 of 2nd period - Shot Misses the Net.
3:02 of 2nd period - Shot by Nick Cousins.
3:02 of 2nd period - Shot Misses the Net.
3:04 of 2nd period - Shot by Nathan Beaulieu.
3:04 of 2nd period - Shot Misses the Net.
3:06 of 2nd period - Shot by Frederick Gaudreau.
3:06 of 2nd period - Shot Misses the Net.
3:08 of 2nd period - Shot by Nathan Beaulieu.
3:08 of 2nd period - Goal by Nathan Beaulieu - Sharks : 1 - Predateurs : 2.
3:09 of 2nd period - Jack Eichel wins face-off versus Noel Acciari in neutral zone.
5:04 of 2nd period - Shot by Luke Glendening.
5:04 of 2nd period - Stopped by Pekka Rinne without a rebound.
5:05 of 2nd period - Frederick Gaudreau wins face-off versus Nic Dowd in Predateurs zone.
5:26 of 2nd period - Shot by Frederick Gaudreau.
5:26 of 2nd period - Stopped by Mike Smith without a rebound.
5:27 of 2nd period - Alexander Wennberg wins face-off versus Jack Eichel in Sharks zone.
5:30 of 2nd period - Shot by Teuvo Teravainen.
5:30 of 2nd period - Goal by Teuvo Teravainen - Sharks : 1 - Predateurs : 3.
5:31 of 2nd period - Alexander Wennberg wins face-off versus Jack Eichel in neutral zone.
5:31 of 2nd period - Teuvo Teravainen is hit by Vladimir Tarasenko and loses puck.
5:58 of 2nd period - Shot by Vladimir Tarasenko.
5:58 of 2nd period - Shot Blocked by Marc-Edouard Vlasic.
6:08 of 2nd period - Shot by Jack Eichel.
6:08 of 2nd period - Deflect By William Nylander.
6:08 of 2nd period - Shot Misses the Net.
6:10 of 2nd period - Shot by Alex Pietrangelo.
6:10 of 2nd period - Stopped by Pekka Rinne without a rebound.
6:11 of 2nd period - Nicklas Backstrom wins face-off versus Luke Glendening in Predateurs zone.
6:36 of 2nd period - Shot by Blake Coleman.
6:36 of 2nd period - Deflect By Luke Glendening.
6:36 of 2nd period - Stopped by Pekka Rinne with a rebound.
6:38 of 2nd period - Shot by Marcus Foligno.
6:38 of 2nd period - Shot Misses the Net.
6:40 of 2nd period - Shot by Erik Johnson.
6:40 of 2nd period - Stopped by Pekka Rinne without a rebound.
6:41 of 2nd period - Frederick Gaudreau wins face-off versus Chandler Stephenson in Predateurs zone.
7:00 of 2nd period - Shot by Chandler Stephenson.
7:00 of 2nd period - Stopped by Pekka Rinne without a rebound.
7:01 of 2nd period - Alexander Wennberg wins face-off versus Jack Eichel in Predateurs zone.
8:38 of 2nd period - Shot by Nicklas Backstrom.
8:38 of 2nd period - Stopped by Mike Smith without a rebound.
8:39 of 2nd period - Chandler Stephenson wins face-off versus Noel Acciari in Sharks zone.
9:05 of 2nd period - J.T. Compher is hit by Josh Archibald.
9:33 of 2nd period - Jack Eichel is hit by Nathan Beaulieu and loses puck.
9:36 of 2nd period - Shot by Vladimir Tarasenko.
9:36 of 2nd period - Stopped by Pekka Rinne without a rebound.
9:37 of 2nd period - Jack Eichel wins face-off versus Nicklas Backstrom in Predateurs zone.
9:44 of 2nd period - Vladimir Tarasenko is hit by Filip Forsberg and loses puck.
10:40 of 2nd period - Icing by Marc-Edouard Vlasic.
10:41 of 2nd period - Alexander Wennberg wins face-off versus Luke Glendening in Predateurs zone.
11:05 of 2nd period - Shot by Erik Johnson.
11:05 of 2nd period - Stopped by Pekka Rinne with a rebound.
11:07 of 2nd period - Shot by Blake Coleman.
11:07 of 2nd period - Stopped by Pekka Rinne without a rebound.
11:08 of 2nd period - Frederick Gaudreau wins face-off versus Chandler Stephenson in Predateurs zone.
11:36 of 2nd period - Icing by Mirco Mueller.
11:37 of 2nd period - Frederick Gaudreau wins face-off versus Nic Dowd in Predateurs zone.
11:52 of 2nd period - Shot by Nick Cousins.
11:52 of 2nd period - Shot Misses the Net.
11:56 of 2nd period - Shot by Frederick Gaudreau.
11:56 of 2nd period - Stopped by Mike Smith without a rebound.
11:57 of 2nd period - Vladimir Tarasenko wins face-off versus Nicklas Backstrom in Sharks zone.
12:14 of 2nd period - Alex Pietrangelo is hit by Filip Forsberg and loses puck.
12:19 of 2nd period - Shot by Sebastian Aho.
12:19 of 2nd period - Shot Misses the Net.
12:21 of 2nd period - Shot by Filip Forsberg.
12:21 of 2nd period - Stopped by Mike Smith without a rebound.
12:22 of 2nd period - Luke Glendening wins face-off versus Alexander Wennberg in Sharks zone.
12:49 of 2nd period - Shot by Blake Coleman.
12:49 of 2nd period - Stopped by Pekka Rinne without a rebound.
12:50 of 2nd period - Nicklas Backstrom wins face-off versus Chandler Stephenson in Predateurs zone.
13:18 of 2nd period - Shot by Ryan Strome.
13:18 of 2nd period - Deflect By Chandler Stephenson.
13:18 of 2nd period - Stopped by Pekka Rinne without a rebound.
13:19 of 2nd period - Alexander Wennberg wins face-off versus Cal Clutterbuck in Predateurs zone.
13:34 of 2nd period - Zach Parise is hit by Cal Clutterbuck and loses puck.
14:44 of 2nd period - Shot by Chandler Stephenson.
14:44 of 2nd period - Stopped by Pekka Rinne without a rebound.
14:45 of 2nd period - Vladimir Tarasenko wins face-off versus Noel Acciari in Predateurs zone.
15:41 of 2nd period - Vladimir Tarasenko is hit by Justin Schultz and loses puck.
15:54 of 2nd period - Shot by Ryan Strome.
15:54 of 2nd period - Deflect By Chandler Stephenson.
15:54 of 2nd period - Stopped by Pekka Rinne without a rebound.
15:55 of 2nd period - Luke Glendening wins face-off versus Nicklas Backstrom in Predateurs zone.
15:55 of 2nd period - Nate Schmidt is hit by Brady Skjei and loses puck.
16:05 of 2nd period - Sebastian Aho is hit by Alex Pietrangelo and loses puck.
16:34 of 2nd period - Shot by Nicklas Backstrom.
16:34 of 2nd period - Stopped by Mike Smith without a rebound.
16:35 of 2nd period - Chandler Stephenson wins face-off versus Zach Parise in Sharks zone.
18:16 of 2nd period - Icing by Joel Edmundson.
18:17 of 2nd period - Jack Eichel wins face-off versus Sebastian Aho in Sharks zone.
18:35 of 2nd period - Icing by Esa Lindell.
18:36 of 2nd period - Nicklas Backstrom wins face-off versus Luke Glendening in Predateurs zone.
18:36 of 2nd period - Nicklas Backstrom is hit by Marcus Foligno.
18:39 of 2nd period - Brady Skjei is hit by Marcus Foligno.
19:01 of 2nd period - Shot by Filip Forsberg.
19:01 of 2nd period - Stopped by Mike Smith with a rebound.
19:09 of 2nd period - Shot by Alex Pietrangelo.
19:09 of 2nd period - Shot Misses the Net.
19:19 of 2nd period - Brady Skjei is hit by Alex Pietrangelo and loses puck.
Goals for this period are 0 for Sharks vs 2 for Predateurs.
Shots for this period are 13 for Sharks vs 8 for Predateurs.

3rd period


0:01 of 3rd period - Noel Acciari wins face-off versus Chandler Stephenson in neutral zone.
0:06 of 3rd period - J.T. Compher is hit by Josh Archibald.
0:07 of 3rd period - Icing by J.T. Compher.
0:08 of 3rd period - Nicklas Backstrom wins face-off versus Chandler Stephenson in Sharks zone.
0:48 of 3rd period - Shot by J.T. Compher.
0:48 of 3rd period - Shot Misses the Net.
0:51 of 3rd period - J.T. Compher is hit by Esa Lindell and loses puck.
1:14 of 3rd period - Luke Glendening is hit by Esa Lindell and loses puck.
1:20 of 3rd period - Marcus Foligno is hit by Esa Lindell and loses puck.
2:19 of 3rd period - Shot by Teuvo Teravainen.
2:19 of 3rd period - Shot Misses the Net.
2:21 of 3rd period - Shot by Alexander Wennberg.
2:21 of 3rd period - Shot Blocked by Joel Edmundson.
2:33 of 3rd period - Shot by Teuvo Teravainen.
2:33 of 3rd period - Deflect By Alexander Wennberg.
2:33 of 3rd period - Shot Blocked by Joel Edmundson.
2:42 of 3rd period - Icing by Philippe Myers.
2:43 of 3rd period - Noel Acciari wins face-off versus Jack Eichel in Sharks zone.
2:46 of 3rd period - Shot by Noel Acciari.
2:46 of 3rd period - Shot Misses the Net.
3:15 of 3rd period - Shot by Noel Acciari.
3:15 of 3rd period - Deflect By Ryan Dzingel.
3:15 of 3rd period - Shot Misses the Net.
3:32 of 3rd period - Vladimir Tarasenko is hit by Josh Archibald and loses puck.
4:15 of 3rd period - Shot by Teuvo Teravainen.
4:15 of 3rd period - Shot Misses the Net.
4:54 of 3rd period - Nick Cousins is hit by Chandler Stephenson and loses puck.
6:00 of 3rd period - Shot by Cal Clutterbuck.
6:00 of 3rd period - Stopped by Pekka Rinne without a rebound.
6:01 of 3rd period - Chandler Stephenson wins face-off versus Noel Acciari in Predateurs zone.
6:34 of 3rd period - Noel Acciari is hit by Chandler Stephenson and loses puck.
6:40 of 3rd period - Minor Penalty to Cal Clutterbuck for Hooking.
6:41 of 3rd period - Nic Dowd wins face-off versus Sebastian Aho in Sharks zone.
8:27 of 3rd period - Shot by Sebastian Aho.
8:27 of 3rd period - Shot Blocked by Erik Johnson.
8:48 of 3rd period - Icing by Joel Edmundson.
8:49 of 3rd period - Jack Eichel wins face-off versus Noel Acciari in Sharks zone.
9:01 of 3rd period - William Nylander is hit by Josh Archibald and loses puck.
9:12 of 3rd period - Shot by Jack Eichel.
9:12 of 3rd period - Shot Misses the Net.
9:14 of 3rd period - Shot by Joel Edmundson.
9:14 of 3rd period - Shot Blocked by Marc-Edouard Vlasic.
9:25 of 3rd period - Noel Acciari is hit by Vladimir Tarasenko and loses puck.
9:55 of 3rd period - Esa Lindell is hit by Alex Pietrangelo and loses puck.
10:11 of 3rd period - Off-side.
10:12 of 3rd period - Alexander Wennberg wins face-off versus Blake Coleman in neutral zone.
10:45 of 3rd period - Shot by Zach Parise.
10:45 of 3rd period - Shot Blocked by Vladislav Gavrikov.
10:47 of 3rd period - Shot by Alexander Wennberg.
10:47 of 3rd period - Stopped by Mike Smith without a rebound.
10:48 of 3rd period - Nicklas Backstrom wins face-off versus Jack Eichel in Sharks zone.
11:10 of 3rd period - William Nylander is hit by Brady Skjei and loses puck.
11:53 of 3rd period - Icing by Nathan Beaulieu.
11:54 of 3rd period - Luke Glendening wins face-off versus Frederick Gaudreau in Predateurs zone.
12:15 of 3rd period - Shot by Luke Glendening.
12:15 of 3rd period - Stopped by Pekka Rinne without a rebound.
12:16 of 3rd period - J.T. Compher wins face-off versus Alexander Wennberg in Predateurs zone.
13:18 of 3rd period - Blake Coleman is hit by Noel Acciari and loses puck.
13:22 of 3rd period - Erik Johnson is hit by Josh Archibald and loses puck.
13:55 of 3rd period - Blake Coleman is hit by Mirco Mueller and loses puck.
14:16 of 3rd period - Shot by William Nylander.
14:16 of 3rd period - Deflect By Jack Eichel.
14:16 of 3rd period - Shot Misses the Net.
14:18 of 3rd period - Shot by Vladimir Tarasenko.
14:18 of 3rd period - Stopped by Pekka Rinne without a rebound.
14:19 of 3rd period - Jack Eichel wins face-off versus Nicklas Backstrom in Predateurs zone.
14:55 of 3rd period - Vladimir Tarasenko is hit by Brady Skjei and loses puck.
15:03 of 3rd period - Icing by Esa Lindell.
15:04 of 3rd period - Chandler Stephenson wins face-off versus Nicklas Backstrom in Predateurs zone.
15:09 of 3rd period - Shot by Chandler Stephenson.
15:09 of 3rd period - Goal by Chandler Stephenson - Sharks : 2 - Predateurs : 3.
15:10 of 3rd period - Nic Dowd wins face-off versus Alexander Wennberg in neutral zone.
15:28 of 3rd period - Off-side.
15:29 of 3rd period - Chandler Stephenson wins face-off versus Frederick Gaudreau in neutral zone.
16:01 of 3rd period - Nick Cousins is hit by Erik Johnson and loses puck.
16:32 of 3rd period - Shot by Alexander Wennberg.
16:32 of 3rd period - Stopped by Mike Smith without a rebound.
16:33 of 3rd period - Nicklas Backstrom wins face-off versus Luke Glendening in Sharks zone.
17:02 of 3rd period - Shot by Filip Forsberg.
17:02 of 3rd period - Shot Misses the Net.
17:09 of 3rd period - Icing by Alex Pietrangelo.
17:10 of 3rd period - Alexander Wennberg wins face-off versus Luke Glendening in Sharks zone.
17:17 of 3rd period - Alexander Wennberg is hit by Nate Schmidt and loses puck.
17:28 of 3rd period - Shot by Zach Parise.
17:28 of 3rd period - Shot Hit the Post.
18:04 of 3rd period - Shot by William Nylander.
18:04 of 3rd period - Shot Misses the Net.
18:59 of 3rd period - Shot by Filip Forsberg.
18:59 of 3rd period - Shot Misses the Net.
19:20 of 3rd period - Shot by Nicklas Backstrom.
19:20 of 3rd period - Shot Blocked by Erik Johnson.
19:22 of 3rd period - Shot by Sebastian Aho.
19:22 of 3rd period - Stopped by Mike Smith without a rebound.
19:23 of 3rd period - Jack Eichel wins face-off versus Noel Acciari in Sharks zone.
19:32 of 3rd period - Sharks, Mike Smith is pulled from the net.
19:38 of 3rd period - Shot by Alex Pietrangelo.
19:38 of 3rd period - Shot Misses the Net.
19:51 of 3rd period - Shot by Alexander Wennberg.
19:51 of 3rd period - Deflect By Josh Archibald.
19:51 of 3rd period - Goal by Josh Archibald - Sharks : 2 - Predateurs : 4.
19:51 of 3rd period - Mike Smith from Sharks was sent back in the game.
19:52 of 3rd period - Nic Dowd wins face-off versus Frederick Gaudreau in neutral zone.
Goals for this period are 1 for Sharks vs 1 for Predateurs.
Shots for this period are 4 for Sharks vs 4 for Predateurs.




Output by the SimonT Hockey Simulator (STHS) for Eric Henault - Original Page W3C HTML5 Valid
Hockey Simulator - Hockey Simulation - Hockey Manager